Map: Moonlight Madness LE (Void)

Players

Gaoh

  • Race: Zerg Zerg
  • League: Platinum

ImotoFantasy - Winner!

  • Race: Protoss Protoss
  • League: Gold

VOD

Have the link to the VOD?

Description

Time

  • Played on: Oct. 25, 2015, 1:28 p.m.
  • Length: 15:34
Show
View Real Time Build Order
Export as new Build Order

Gaoh Zerg 

Build Orders: Hatch First 

Get SALT Encoding   

  12  0:01  Drone  
  13  0:15  Drone  
  13  0:17  Overlord  
  15  0:35  Drone x2  
  15  0:41  Drone  
  17  0:48  Drone  
  18  1:00  Hatchery, Drone  
  18  1:09  Drone  
  19  1:17  Spawning Pool  
  18  1:20  Drone  
  19  1:30  Drone  
  20  1:34  Extractor  
  19  1:43  Drone  
  20  1:57  Overlord  
  20  2:04  Queen  
  22  2:11  Queen  
  22  2:13  Drone x2  
  22  2:15  Drone  
  27  2:25  Drone x2  
  29  2:35  Drone  
  29  2:36  Drone  
  31  2:46  Drone x2  
  33  2:52  Lair, Hatchery  
  33  2:57  Drone x2  
  34  2:59  Extractor  
  33  3:05  Overlord  
  33  3:12  Drone  
  34  3:15  Drone  
  34  3:16  Drone  
  34  3:18  Overlord x2  
  36  3:23  Queen  
  36  3:25  Drone  
  36  3:26  Drone  
  40  3:28  Drone  
  40  3:31  Drone  
  42  3:35  Extractor  
  42  3:36  Drone x2  
  42  3:41  Overlord  
  43  3:46  Drone  
  44  3:50  Overlord  
  44  3:53  Drone  
  44  3:54  Hydralisk Den  
  44  3:57  Drone x2  
  46  4:03  Drone x2  
  48  4:12  Queen  
  48  4:14  Drone x4  
  54  4:18  Overlord  
  54  4:20  Drone x2  
  56  4:25  Drone x2  
  56  4:26  Hydralisk  
  56  4:30  Muscular Augments  
  60  4:32  Hydralisk  
  62  4:38  Hydralisk  
  62  4:39  Hydralisk  
  62  4:42  Hydralisk  
  62  4:45  Hydralisk  
  68  4:50  Hydralisk  
  68  4:51  Hydralisk  
  74  4:55  Hydralisk  
  74  4:59  Drone x4  
  80  5:02  Spore Crawler  
  80  5:05  Spore Crawler  
  78  5:08  Drone x2, Spore Crawler  
  78  5:10  Hydralisk  
  81  5:16  Metabolic Boost  
  81  5:19  Overlord x2  
  81  5:30  Overlord x2  
  81  5:37  Hydralisk  
  81  5:38  Hydralisk x2  
  81  5:39  Hydralisk  
  89  5:51  Queen  
  89  5:53  Hydralisk x2  
  93  6:06  Hydralisk x2  
  93  6:10  Zergling x2  
  96  6:12  Overlord x4  
  95  6:23  Overlord  
  91  6:35  Hydralisk  
  91  6:36  Hydralisk x4  
  95  6:47  Hydralisk  
  95  6:48  Hydralisk  
  99  7:02  Overlord x2  
  93  7:17  Overlord x2  
  93  7:19  Overlord x2  
  82  7:42  Hydralisk  
  82  7:43  Hydralisk x8  
  86  7:49  Drone  
  86  7:50  Drone x4  
  83  7:52  Extractor  
  82  8:01  Hydralisk x3  
  88  8:06  Extractor  
  88  8:07  Drone  
  88  8:08  Drone x4, Extractor  
  88  8:11  Queen  
  88  8:12  Queen  
  95  8:13  Queen  
  95  8:17  Hatchery  
  96  8:26  Zergling x6  
  96  8:27  Zergling x6  
  102  8:28  Zergling x2  
  102  8:29  Spire  
  102  8:30  Drone x3  
  105  8:35  Drone x3  
  105  8:36  Drone x2  
  110  8:43  Hydralisk x3  
  116  9:07  Hydralisk  
  116  9:08  Hydralisk x7  
  132  9:36  Drone  
  132  9:37  Drone x11  
  144  9:39  Overlord x4  
  144  10:02  Corruptor x6, Zerg Flyer Armor Level 1  
  144  10:03  Corruptor  
  158  10:08  Zergling x12  
  158  10:10  Extractor  
  163  10:16  Corruptor x2  
  163  10:17  Corruptor  
  169  10:25  Drone x2  
  169  10:26  Drone x3  
  169  10:27  Corruptor  
  176  10:30  Overlord x2  
  176  10:31  Overlord x2  
  176  10:35  Overlord x2  
  176  10:55  Drone x2  
  176  10:56  Drone x7  
  185  11:04  Spore Crawler x2, Corruptor x2  
  185  11:05  Corruptor x4  
  185  11:07  Spore Crawler x2  
  185  11:08  Spore Crawler  
  192  11:11  Spore Crawler  
  192  11:12  Spore Crawler  
  192  11:16  Evolution Chamber  
  192  11:18  Evolution Chamber  
  188  11:32  Corruptor  
  188  11:33  Corruptor x4  
  198  11:43  Corruptor  
  200  11:53  Spore Crawler  
  199  11:54  Spore Crawler  
  199  12:00  Spore Crawler, Corruptor  
  199  12:01  Spore Crawler x3, Zerg Flyer Armor Level 2  
  198  12:02  Spore Crawler  
  198  12:03  Spore Crawler x3  
  198  12:05  Zerg Missile Weapons Level 1, Spore Crawler  
  198  12:06  Spore Crawler  
  190  12:18  Spore Crawler  
  190  12:19  Overseer x2  
  190  12:20  Overseer  
  190  12:22  Pneumatized Carapace  
  189  12:34  Zerg Ground Armor Level 1  
  189  13:06  Zergling x2  
  189  13:07  Zergling x16  
  189  13:08  Corruptor  
  189  13:09  Corruptor x5  
  159  13:34  Corruptor x4  
  164  13:49  Drone  
  164  13:50  Drone x7  
  164  13:54  Extractor  
  171  13:59  Corruptor x2, Hydralisk  
  171  14:00  Corruptor  
  179  14:04  Spore Crawler  
  179  14:05  Spore Crawler  
  179  14:06  Spore Crawler, Infestation Pit  
  179  14:07  Spore Crawler  
  179  14:09  Spore Crawler  
  173  14:10  Hatchery  
  173  14:17  Drone x4  
  174  14:18  Corruptor x3  
  180  14:42  Corruptor  
  180  14:43  Corruptor x4  
  131  15:02  Overlord x4  
Show
View Real Time Build Order
Export as new Build Order

ImotoFantasy Protoss - Winner!

Build Orders: Nexus First 

Get SALT Encoding   

  12  0:00  Probe (Chrono Boost)  
  13  0:11  Probe (Chrono Boost)  
  14  0:19  Pylon  
  14  0:22  Probe (Chrono Boost)  
  15  0:37  Probe (Chrono Boost)  
  16  0:48  Probe (Chrono Boost)  
  17  0:58  Probe (Chrono Boost)  
  17  1:02  Nexus  
  18  1:09  Probe (Chrono Boost)  
  19  1:17  Forge  
  19  1:20  Probe (Chrono Boost)  
  20  1:26  Pylon  
  20  1:31  Probe (Chrono Boost)  
  21  1:40  Pylon  
  21  1:43  Probe (Chrono Boost)  
  21  1:53  Probe (Chrono Boost)  
  22  1:59  Gateway  
  22  2:01  Assimilator  
  22  2:03  Assimilator  
  22  2:04  Probe (Chrono Boost)  
  23  2:14  Probe (Chrono Boost)  
  23  2:15  Photon Cannon  
  24  2:17  Probe (Chrono Boost)  
  25  2:25  Probe (Chrono Boost)  
  25  2:28  Probe (Chrono Boost)  
  27  2:35  Probe (Chrono Boost)  
  28  2:38  Probe (Chrono Boost)  
  29  2:46  Cybernetics Core, Probe (Chrono Boost)  
  29  2:49  Probe (Chrono Boost)  
  29  2:50  Zealot  
  33  2:56  Probe (Chrono Boost)  
  34  3:00  Probe (Chrono Boost)  
  35  3:07  Probe (Chrono Boost)  
  35  3:10  Probe (Chrono Boost)  
  35  3:11  Assimilator  
  37  3:13  Assimilator  
  37  3:18  Probe (Chrono Boost)  
  38  3:21  Probe (Chrono Boost)  
  38  3:22  Stargate  
  38  3:24  Stargate  
  39  3:28  Probe (Chrono Boost)  
  39  3:31  Probe (Chrono Boost)  
  39  3:33  Pylon  
  41  3:39  Probe (Chrono Boost)  
  42  3:42  Probe (Chrono Boost)  
  43  3:49  Pylon  
  43  3:50  Mothership Core (Chrono Boost)  
  43  3:55  Probe (Chrono Boost)  
  46  4:02  Pylon  
  46  4:06  Probe (Chrono Boost)  
  47  4:10  Phoenix x2  
  51  4:17  Pylon  
  51  4:18  Photon Cannon  
  51  4:28  Nexus  
  51  4:29  Pylon  
  53  4:31  Probe x2 (Chrono Boost)  
  53  4:38  Phoenix x2  
  57  4:53  Pylon  
  57  4:55  Fleet Beacon  
  57  4:59  Probe x2 (Chrono Boost)  
  60  5:21  Probe x2 (Chrono Boost)  
  61  5:32  Probe x2 (Chrono Boost)  
  61  5:33  Stargate  
  61  5:34  Stargate  
  63  5:41  Probe (Chrono Boost)  
  63  5:42  Probe (Chrono Boost)  
  66  5:43  Probe (Chrono Boost), Assimilator  
  66  5:46  Photon Cannon  
  66  5:47  Carrier (Chrono Boost), Assimilator  
  72  5:53  Carrier (Chrono Boost)  
  72  5:56  Photon Cannon  
  78  6:00  Protoss Air Weapons Level 1 (Chrono Boost)  
  78  6:01  Probe x2  
  78  6:03  Probe  
  81  6:24  Probe x2  
  82  6:25  Probe  
  84  6:33  Photon Cannon  
  84  6:34  Carrier  
  84  6:35  Photon Cannon  
  87  6:47  Probe  
  87  6:48  Probe  
  87  6:53  Photon Cannon  
  80  6:56  Photon Cannon  
  80  6:57  Pylon  
  75  7:12  Carrier (Chrono Boost)  
  77  7:18  Pylon  
  77  7:20  Pylon  
  77  7:26  Graviton Catapult  
  82  7:59  Mothership Core  
  82  8:01  Carrier x2 (Chrono Boost)  
  82  8:02  Nexus  
  82  8:05  Pylon  
  84  8:07  Pylon  
  84  8:08  Protoss Air Weapons Level 2 (Chrono Boost)  
  84  8:09  Probe  
  91  8:20  Probe  
  91  8:27  Carrier (Chrono Boost)  
  92  8:33  Probe x2  
  94  8:36  Photon Cannon  
  94  8:37  Photon Cannon  
  94  8:39  Photon Cannon  
  94  8:43  Assimilator  
  94  8:45  Probe x2  
  94  8:47  Assimilator  
  96  8:55  Photon Cannon  
  96  8:57  Pylon  
  96  8:59  Probe x2  
  98  9:06  Carrier (Chrono Boost)  
  104  9:15  Probe  
  104  9:16  Probe x2  
  107  9:18  Sentry  
  115  9:44  Carrier (Chrono Boost)  
  115  9:48  Photon Cannon  
  121  10:01  Protoss Air Weapons Level 3  
  127  10:08  Carrier (Chrono Boost)  
  127  10:17  Carrier (Chrono Boost)  
  133  10:35  Carrier (Chrono Boost)  
  133  10:47  Pylon x2  
  133  10:50  Pylon  
  133  10:53  Pylon x2  
  133  10:55  Pylon  
  133  10:58  Pylon  
  139  11:13  Carrier (Chrono Boost)  
  143  11:27  Void Ray (Chrono Boost)  
  147  11:37  Void Ray (Chrono Boost)  
  147  11:49  Void Ray (Chrono Boost)  
  151  12:02  Pylon  
  151  12:06  Void Ray (Chrono Boost)  
  155  12:14  Void Ray (Chrono Boost)  
  159  12:15  Protoss Shields Level 1 (Chrono Boost)  
  159  12:23  Protoss Air Armor Level 1  
  159  12:34  Void Ray  
  159  12:35  Void Ray  
  167  12:47  Void Ray  
  171  12:58  Robotics Facility  
  169  13:23  Void Ray x2  
  177  13:45  Void Ray  
  177  13:47  Observer  
  182  13:58  Void Ray  
  186  14:09  Observer  
  197  15:32  Nexus  
Tags
 
Add a new tag
Caveats
  • Supply blocks, unpowered buildings, or Contaminate may cause inaccurate times.
  • Supply counts are checked every 10 seconds.